TOP OF THE 1ST |
Penquannock Overrated Jeter batting - Pitching for Reading Rainbows : RHP Nathan Seymour
|
Pitching: RHP Nathan Seymour
|
|
Batting: LHB Bill McJannett
|
0-0: Ball 1-0: Called Strike 1-1: Ball 2-1: Ball 3-1: Called Strike 3-2: Reached on error, E4 (Groundball, 4)
|
Batting: RHB Juan Costello
|
0-0: Ball 1-0: Foul Ball, location: 2F 1-1: Called Strike 1-2: Strikes out swinging
|
Batting: RHB António Rodríguez
|
0-0: Called Strike 0-1: Called Strike 0-2: Strikes out swinging
|
Batting: RHB Tim Hanson
|
0-0: Called Strike 0-1: Ball 1-1: Called Strike 1-2: Strikes out looking
|
Top of the 1st over - 0 run(s), 0 hit(s), 1 error(s), 1 left on base; Penquannock 0 - Reading 0 |
BOTTOM OF THE 1ST |
Reading Rainbows batting - Pitching for Penquannock Overrated Jeter : LHP Héctor Díaz
|
Pitching: LHP Héctor Díaz
|
|
Batting: LHB Miguel Colón
|
0-0: Ball 1-0: Called Strike 1-1: Foul Ball, location: 2F 1-2: Strikes out swinging
|
Batting: RHB Wyatt McKinnon
|
0-0: Called Strike 0-1: SOLO HOME RUN (Flyball, 7LD), Distance : 360 ft
|
Batting: RHB Dan Banks
|
0-0: Swinging Strike 0-1: Foul Ball, location: 2F 0-2: Foul Ball, location: 2F 0-2: Ball 1-2: Strikes out swinging
|
Batting: LHB Eduardo Rodríguez
|
0-0: SOLO HOME RUN (Flyball, 9LD), Distance : 370 ft
|
Batting: RHB Albert Lutz
|
0-0: Ball 1-0: Fly out, F8 (Flyball, 89M)
|
Bottom of the 1st over - 2 run(s), 2 hit(s), 0 error(s), 0 left on base; Penquannock 0 - Reading 2 |
TOP OF THE 2ND |
Penquannock Overrated Jeter batting - Pitching for Reading Rainbows : RHP Nathan Seymour
|
Batting: LHB Todd Barnes
|
0-0: Foul Ball, location: 2F 0-1: Fly out, F9 (Flyball, 9LM)
|
Batting: RHB Armando Pagán
|
0-0: Ball 1-0: Called Strike 1-1: Ball 2-1: TRIPLE (Line Drive, 9LM)
|
Batting: RHB Bernardo Enríquez
|
0-0: Fly out, F9 (Flyball, 89M) Runner from 3rd tags up, SCORES, no throw
|
Batting: RHB Arturo Rodríguez
|
0-0: Ball 1-0: Foul Ball, location: 2F 1-1: Ball 2-1: Bunt missed! 2-2: Fly out, F5 (Line Drive, 5)
|
Top of the 2nd over - 1 run(s), 1 hit(s), 0 error(s), 0 left on base; Penquannock 1 - Reading 2 |
BOTTOM OF THE 2ND |
Reading Rainbows batting - Pitching for Penquannock Overrated Jeter : LHP Héctor Díaz
|
Batting: LHB Mason Mabbett
|
0-0: Ball 1-0: Swinging Strike 1-1: Foul Ball, location: 2F 1-2: Strikes out swinging
|
Batting: RHB Jerome Brewer
|
0-0: Ball 1-0: Ball 2-0: Ball 3-0: Base on Balls
|
Batting: LHB Alfonso Ruíz
|
0-0: Ball 1-0: Ball 2-0: Ball 3-0: Called Strike 3-1: Base on Balls Jerome Brewer to second
|
Batting: RHB Louis Smith
|
0-0: Ball 1-0: Ball 2-0: Ball 3-0: Called Strike 3-1: Base on Balls Jerome Brewer to third Alfonso Ruíz to second
|
Batting: LHB Miguel Colón
|
0-0: Foul Ball, location: 2F 0-1: Swinging Strike 0-2: SINGLE (Line Drive, 34D) Jerome Brewer scores Alfonso Ruíz to third Louis Smith to second Runner from 3rd tries for Home, SAFE, no throw or cutoff
|
Batting: RHB Wyatt McKinnon
|
0-0: Fly out, F9 (Flyball, 89D) Runner from 2nd tags up, SAFE at 3rd, no throw
|
Batting: RHB Dan Banks
|
0-0: Foul Ball, location: 2F 0-1: Ball 1-1: Foul Ball, location: 2F Pickoff Throw to First - Out!
|
Bottom of the 2nd over - 2 run(s), 1 hit(s), 0 error(s), 0 left on base; Penquannock 1 - Reading 4 |
TOP OF THE 3RD |
Penquannock Overrated Jeter batting - Pitching for Reading Rainbows : RHP Nathan Seymour
|
Batting: SHB Francisco Ávila
|
0-0: Ball 1-0: Called Strike 1-1: Ball 2-1: Ball 3-1: Foul Ball, location: 2F 3-2: Base on Balls
|
Batting: LHB Bill McJannett
|
0-0: Called Strike 0-1: Called Strike 0-2: Ball 1-2: Strikes out swinging
|
Batting: RHB Juan Costello
|
0-0: Foul Ball, location: 2F 0-1: Ball Francisco Ávila is caught stealing 2nd base 1-1: Foul Ball, location: 2F 1-2: Ball 2-2: SINGLE (Flyball, 7S)
|
Batting: RHB António Rodríguez
|
0-0: Called Strike 0-1: Ball 1-1: Ball 2-1: Foul Ball, location: 2F 2-2: Fly out, F3 (Line Drive, 3)
|
Top of the 3rd over - 0 run(s), 1 hit(s), 0 error(s), 1 left on base; Penquannock 1 - Reading 4 |
BOTTOM OF THE 3RD |
Reading Rainbows batting - Pitching for Penquannock Overrated Jeter : LHP Héctor Díaz
|
Batting: RHB Dan Banks
|
0-0: Ball 1-0: Ball 2-0: Ball 3-0: Base on Balls
|
Batting: LHB Eduardo Rodríguez
|
0-0: Ball 1-0: Ball 2-0: Called Strike 2-1: Ball 3-1: Fly out, F8 (Flyball, 8RD)
|
Batting: RHB Albert Lutz
|
0-0: SINGLE (Groundball, 56) (infield hit) Dan Banks to second
|
Batting: LHB Mason Mabbett
|
0-0: Called Strike Dan Banks steals 3rd base Albert Lutz to second 0-1: Ball 1-1: Ball 2-1: Ground out 1-3 (Groundball, 13)
|
Batting: RHB Jerome Brewer
|
0-0: Called Strike 0-1: DOUBLE (Line Drive, 7LM) Dan Banks scores Albert Lutz scores
|
Batting: LHB Alfonso Ruíz
|
0-0: Fly out, F6 (Popup, 56D)
|
Bottom of the 3rd over - 2 run(s), 2 hit(s), 0 error(s), 1 left on base; Penquannock 1 - Reading 6 |
TOP OF THE 4TH |
Penquannock Overrated Jeter batting - Pitching for Reading Rainbows : RHP Nathan Seymour
|
Batting: RHB Tim Hanson
|
0-0: Ball 1-0: Ball 2-0: Called Strike 2-1: Ground out 6-3 (Groundball, 56)
|
Batting: LHB Todd Barnes
|
0-0: DOUBLE (Groundball, 3L)
|
Batting: RHB Armando Pagán
|
0-0: Called Strike 0-1: Swinging Strike 0-2: Strikes out looking
|
Batting: RHB Bernardo Enríquez
|
0-0: Swinging Strike 0-1: Ball 1-1: Ground out 5-3 (Groundball, 56S)
|
Top of the 4th over - 0 run(s), 1 hit(s), 0 error(s), 1 left on base; Penquannock 1 - Reading 6 |
BOTTOM OF THE 4TH |
Reading Rainbows batting - Pitching for Penquannock Overrated Jeter : LHP Héctor Díaz
|
Batting: RHB Louis Smith
|
0-0: Ball 1-0: Swinging Strike 1-1: Foul Ball, location: 2F 1-2: Strikes out looking
|
Batting: LHB Miguel Colón
|
0-0: Ball 1-0: Called Strike 1-1: Swinging Strike 1-2: Strikes out swinging
|
Batting: RHB Wyatt McKinnon
|
0-0: Called Strike 0-1: Called Strike 0-2: Ball 1-2: Fly out, F9 (Popup, 9S)
|
Bottom of the 4th over - 0 run(s), 0 hit(s), 0 error(s), 0 left on base; Penquannock 1 - Reading 6 |
TOP OF THE 5TH |
Penquannock Overrated Jeter batting - Pitching for Reading Rainbows : RHP Nathan Seymour
|
Batting: RHB Arturo Rodríguez
|
0-0: Called Strike 0-1: Called Strike 0-2: Strikes out swinging
|
Batting: SHB Francisco Ávila
|
0-0: Called Strike 0-1: Swinging Strike 0-2: Ball 1-2: SOLO HOME RUN (Line Drive, 9D), Distance : 361 ft
|
Batting: LHB Bill McJannett
|
0-0: Ball 1-0: Ball 2-0: Foul Ball, location: 2F 2-1: Called Strike 2-2: Ball 3-2: SOLO HOME RUN (Flyball, 9D), Distance : 367 ft
|
Batting: RHB Juan Costello
|
0-0: Ground out 1-3 (Groundball, 15)
|
Batting: RHB António Rodríguez
|
0-0: Swinging Strike 0-1: Ball 1-1: Swinging Strike 1-2: Strikes out swinging
|
Top of the 5th over - 2 run(s), 2 hit(s), 0 error(s), 0 left on base; Penquannock 3 - Reading 6 |
BOTTOM OF THE 5TH |
Reading Rainbows batting - Pitching for Penquannock Overrated Jeter : LHP Héctor Díaz
|
Batting: RHB Dan Banks
|
0-0: Called Strike 0-1: Ball 1-1: Ball 2-1: DOUBLE (Line Drive, 78XD) - OUT at third base trying to stretch hit.
|
Batting: LHB Eduardo Rodríguez
|
0-0: Ball 1-0: Ball 2-0: Called Strike 2-1: Ball 3-1: Ground out 4-3 (Groundball, 4)
|
Batting: RHB Albert Lutz
|
0-0: Ball 1-0: Ground out 4-3 (Groundball, 4M)
|
Bottom of the 5th over - 0 run(s), 1 hit(s), 0 error(s), 0 left on base; Penquannock 3 - Reading 6 |
TOP OF THE 6TH |
Penquannock Overrated Jeter batting - Pitching for Reading Rainbows : RHP Nathan Seymour
|
Batting: RHB Tim Hanson
|
0-0: Ball 1-0: Called Strike 1-1: Foul Ball, location: 2F 1-2: Strikes out swinging
|
Batting: LHB Todd Barnes
|
0-0: SINGLE (Line Drive, 4MD)
|
Batting: RHB Armando Pagán
|
0-0: Called Strike 0-1: Ground out 5-3 (Groundball, 56S) Todd Barnes to second
|
Batting: RHB Bernardo Enríquez
|
0-0: Fly out, F3 (Popup, 3DF)
|
Top of the 6th over - 0 run(s), 1 hit(s), 0 error(s), 1 left on base; Penquannock 3 - Reading 6 |
BOTTOM OF THE 6TH |
Reading Rainbows batting - Pitching for Penquannock Overrated Jeter : LHP Héctor Díaz
|
Now at 2B: Héctor Berrios
|
|
Batting: LHB Mason Mabbett
|
0-0: Ball 1-0: Ball 2-0: SINGLE (Line Drive, 9S)
|
Pitching: RHP Santiago González
|
|
Batting: RHB Jerome Brewer
|
0-0: Foul Ball, location: 2F 0-1: Ball 1-1: Fly out, F9 (Flyball, 9M)
|
Batting: LHB Alfonso Ruíz
|
0-0: Fly out, F8 (Flyball, 8LXD)
|
Batting: RHB Louis Smith
|
0-0: Called Strike 0-1: Swinging Strike 0-2: Strikes out swinging
|
Bottom of the 6th over - 0 run(s), 1 hit(s), 0 error(s), 1 left on base; Penquannock 3 - Reading 6 |
TOP OF THE 7TH |
Penquannock Overrated Jeter batting - Pitching for Reading Rainbows : RHP Nathan Seymour
|
Batting: RHB Arturo Rodríguez
|
0-0: Foul Ball, location: 2F 0-1: Ball 1-1: Ball 2-1: Swinging Strike 2-2: Ball 3-2: Fly out, F6 (Line Drive, 6)
|
Batting: SHB Francisco Ávila
|
0-0: Fly out, F7 (Flyball, 7M)
|
Batting: LHB Bill McJannett
|
0-0: Ball 1-0: Ball 2-0: Ball 3-0: Base on Balls
|
Pitching: LHP Robby Hall
|
|
Batting: RHB Juan Costello
|
0-0: Ball 1-0: Foul Ball, location: 2F 1-1: Swinging Strike 1-2: Strikes out swinging
|
Top of the 7th over - 0 run(s), 0 hit(s), 0 error(s), 1 left on base; Penquannock 3 - Reading 6 |
BOTTOM OF THE 7TH |
Reading Rainbows batting - Pitching for Penquannock Overrated Jeter : RHP Santiago González
|
Batting: LHB Miguel Colón
|
0-0: TRIPLE (Flyball, 8RM)
|
Batting: RHB Wyatt McKinnon
|
0-0: Ball 1-0: SINGLE (Line Drive, 89S) Miguel Colón scores
|
Batting: RHB Dan Banks
|
0-0: Ball 1-0: Ball 2-0: Ball 3-0: Called Strike 3-1: Called Strike 3-2: Base on Balls Wyatt McKinnon to second
|
Batting: LHB Eduardo Rodríguez
|
0-0: Ball 1-0: Ball 2-0: Foul Ball, location: 2F 2-1: Grounds into double play, 1-6-3 (Groundball, 13) Wyatt McKinnon to third
|
Batting: RHB Albert Lutz
|
0-0: Called Strike 0-1: Ground out 6-3 (Groundball, 6M)
|
Bottom of the 7th over - 1 run(s), 2 hit(s), 0 error(s), 1 left on base; Penquannock 3 - Reading 7 |
TOP OF THE 8TH |
Penquannock Overrated Jeter batting - Pitching for Reading Rainbows : LHP Robby Hall
|
Batting: RHB Héctor Berrios
|
0-0: Ground out 1-3 (Groundball, 15)
|
Batting: RHB Tim Hanson
|
0-0: Called Strike 0-1: Foul Ball, location: 2F 0-2: Ball 1-2: Foul Ball, location: 2F 1-2: Ball 2-2: Ball 3-2: Base on Balls
|
Batting: LHB Todd Barnes
|
0-0: Ball 1-0: Swinging Strike 1-1: Ball 2-1: Ball 3-1: Ground out 4-3 (Groundball, 4M) Tim Hanson to second
|
Batting: RHB Armando Pagán
|
0-0: Ball 1-0: Ball 2-0: Swinging Strike 2-1: Foul Ball, location: 2F 2-2: Foul Ball, location: 2F 2-2: Ball 3-2: Ground out 4-3 (Groundball, 4)
|
Top of the 8th over - 0 run(s), 0 hit(s), 0 error(s), 1 left on base; Penquannock 3 - Reading 7 |
BOTTOM OF THE 8TH |
Reading Rainbows batting - Pitching for Penquannock Overrated Jeter : RHP Santiago González
|
Pitching: RHP Javier González
|
|
Batting: LHB Mason Mabbett
|
0-0: Ball 1-0: Foul Ball, location: 2F 1-1: Foul Ball, location: 2F 1-2: Ball 2-2: Ball 3-2: Ground out 1-3 (Groundball, 15)
|
Batting: RHB Jerome Brewer
|
0-0: Swinging Strike 0-1: Ball 1-1: Foul Ball, location: 2F 1-2: Foul Ball, location: 2F 1-2: Foul Ball, location: 2F 1-2: SINGLE (Line Drive, 8LS)
|
Batting: LHB Alfonso Ruíz
|
0-0: Foul Ball, location: 2F 0-1: Swinging Strike 0-2: Strikes out swinging
|
Batting: RHB Louis Smith
|
0-0: Ball 1-0: Ball 2-0: Ball 3-0: Called Strike 3-1: Base on Balls Jerome Brewer to second
|
Batting: LHB Miguel Colón
|
0-0: Ball 1-0: Called Strike 1-1: Swinging Strike 1-2: Strikes out swinging
|
Bottom of the 8th over - 0 run(s), 1 hit(s), 0 error(s), 2 left on base; Penquannock 3 - Reading 7 |
TOP OF THE 9TH |
Penquannock Overrated Jeter batting - Pitching for Reading Rainbows : LHP Robby Hall
|
Batting: RHB Bernardo Enríquez
|
0-0: Called Strike 0-1: Ball 1-1: Ball 2-1: SINGLE (Line Drive, 6D)
|
Batting: RHB Arturo Rodríguez
|
0-0: Ball 1-0: Foul Ball, location: 2F 1-1: Swinging Strike 1-2: Foul Ball, location: 2F 1-2: Ball 2-2: Foul Ball, location: 2F 2-2: Grounds into double play, 5-4-3 (Groundball, 5)
|
Batting: SHB Francisco Ávila
|
0-0: Ball 1-0: Ball 2-0: Fly out, F3 (Popup, 34S)
|
Top of the 9th over - 0 run(s), 1 hit(s), 0 error(s), 0 left on base; Penquannock 3 - Reading 7 |
|